 Dungeon Crawl Stone Soup version 0.30-a0-591-g3c58d2bc28 (webtiles) character file.

Game seed: 10559042785538137836

1119 Newt the Cutter (level 8, -6/60 HPs)
             Began as a Demonspawn Gladiator on Jan 4, 2023.
             Mangled by a steam dragon (8 damage)
             ... on level 5 of the Dungeon.
             The game lasted 00:06:20 (4907 turns).

Newt the Cutter (Demonspawn Gladiator)              Turns: 4907, Time: 00:06:20

Health: -6/60      AC:  4    Str: 23    XL:     8   Next: 12%
Magic:  8/8        EV: 13    Int:  9    God:
Gold:   211        SH:  0    Dex: 13    Spells: 7/7 levels left

rFire   . . .      SeeInvis .    p - +4 dagger
rCold   . . .      Faith    .    (no shield)
rNeg    . . .      Spirit   .    f - +0 leather armour
rPois   .          Reflect  .    h - +1 hat
rElec   +          Harm     .    (no cloak)
rCorr   .          Rampage  .    (no gloves)
Will    .....                    (no boots)
Stlth   +++                      (no amulet)
HPRegen 0.30/turn                g - ring of flight
MPRegen 0.11/turn                u - +6 ring of strength

@: flying, studying Stealth
A: horns 2, demonic guardian 1, demonic touch 1, talons 1, clumsy 1, electricity
resistance
a: no special abilities


You were on level 5 of the Dungeon.
You visited 1 branch of the dungeon, and saw 5 of its levels.

You collected 211 gold pieces.

Inventory:

Hand Weapons
 a - a +0 rapier
 b - a +0 sling
 p - a +4 dagger (weapon)
Missiles
 e - a javelin (quivered)
Armour
 c - a +0 helmet
 f - a +0 leather armour (worn)
 h - a +1 hat (worn)
Jewellery
 g - a ring of flight (left hand)
 u - a +6 ring of strength (right hand)
 v - a ring of protection from cold
Wands
 m - a wand of light (2)
 t - a wand of iceblast (7)
Scrolls
 i - a scroll of vulnerability
 j - a scroll of fear
 k - a scroll of amnesia
 l - a scroll of poison
 o - a scroll of enchant armour {unknown}
 q - a scroll of teleportation
 s - 2 scrolls of fog {unknown}
Potions
 n - 3 potions of mutation
 r - a potion of lignification


   Skills:
 - Level 4.0 Fighting
 + Level 6.3 Short Blades
 - Level 2.2 Ranged Weapons
 - Level 1.7 Throwing
 - Level 4.0 Dodging
 - Level 6.0 Stealth


You had 7 spell levels left.
You didn't know any spells.
Your spell library contained the following spells:

 Spells                   Type           Power      Damage    Failure   Level
 Gell's Gravitas          Tloc           0%         N/A       80%         3
 Lesser Beckoning         Tloc           0%         N/A       80%         3
 Teleport Other           Tloc           0%         N/A       80%         3
 Tukima's Dance           Hex            0%         N/A       80%         3
 Passage of Golubria      Tloc           0%         N/A       99%         4
 Yara's Violent Unravell  Hex/Tmut       0%         3d3       100%        5


Dungeon Overview and Level Annotations

Branches:
Dungeon (5/15)
 Temple: D:4-7

Altars:

Shops:
D:3 :   D:4 (


Innate Abilities, Weirdness & Mutations

You have a pair of horns on your head.
A weak demonic guardian rushes to your aid.
Your touch may inflict minor irresistible damage on your foes.
You have sharp toenails.
You are clumsy. (Dex -2)
You are resistant to electric shocks. (rElec)


Message History

You are engulfed in a cloud of scalding steam.
The steam dragon breathes steam at you. The ball of steam hits you!
You hit the steam dragon. Your headbutt misses the steam dragon.
You punch the steam dragon, but do no damage.
The steam dragon is lightly wounded.
You are engulfed in a cloud of scalding steam.
The steam dragon bites you. The steam dragon barely misses you.
You hit the steam dragon. Your kick misses the steam dragon.
The steam dragon is lightly wounded.
You are engulfed in a cloud of scalding steam.
A demonic guardian appears!
The steam dragon bites you. The steam dragon misses you.
You closely miss the steam dragon. Your kick misses the steam dragon.
The steam dragon is lightly wounded.
You are engulfed in a cloud of scalding steam.
You hit the steam dragon. You claw the steam dragon.
The steam dragon is lightly wounded.
You are engulfed in a cloud of scalding steam.
The steam dragon bites you. The steam dragon closely misses you.
Your white imp closely misses the steam dragon.
You hit the steam dragon.
You headbutt the steam dragon, but do no damage.
The steam dragon is moderately wounded.
Your white imp barely misses the steam dragon.
The steam dragon breathes steam at you. The ball of steam hits you!
* * * LOW HITPOINT WARNING * * *
A demonic guardian appears!
The ball of steam misses your ufetubus.
Throw: throwing net
Press: ? - help, Q - select action, (/) - cycle Shift-Dir - straight line, f - steam dragon
Aim: a steam dragon (moderately wounded, catching its breath, ally target, 59% to hit)
You throw a throwing net.
The throwing net closely misses the steam dragon.
Your demonic guardian avoids your attack.
You are engulfed in a cloud of scalding steam.
* * * LOW HITPOINT WARNING * * *
Your ufetubus is engulfed in a cloud of scalding steam.
The steam dragon bites you!
You die...

#...............#
#<####.
#...†...#.##.##.#
#......
##.######.##.##.#
####### # #.##..#
# #.###.#.#
#.###.#.#
#....§..#
#####5### #@# #D#
.5# ####


You could see a steam dragon (catching breath, ally target), a friendly white
imp (summoned) and a friendly ufetubus (summoned).

Vanquished Creatures
  Edmund (D:4)
  A sky beast (D:4)
  2 black bears (D:4)
  2 ogres (D:4)
  A centaur (D:5)
  A hound (D:3)
  A gnoll bouda (D:4)
  2 iguanas
  An orc wizard (D:4)
  Terence (D:2)
  5 adders
  6 gnolls (D:4)
  2 worms (D:2)
  2 dart slugs
  7 orcs
  10 ball pythons
  8 endoplasms
  5 giant cockroaches
  5 goblins
  9 hobgoblins
  6 quokkas
  5 bats
  5 frilled lizards
  5 kobolds
93 creatures vanquished.

Vanquished Creatures (collateral kills)
  Menkaure (D:4)
1 creature vanquished.

Grand Total: 94 creatures vanquished

Notes
Turn   | Place    | Note
-------+----------+-------------------------------------------
     0 | D:1      | Newt the Demonspawn Gladiator began the quest for the Orb.
     0 | D:1      | Reached XP level 1. HP: 16/16 MP: 1/1
   106 | D:1      | Reached skill level 1 in Stealth
   167 | D:1      | Discovered your monstrous ancestry.
   167 | D:1      | Gained mutation: You have a pair of small horns on your
                  | head. [demonic ancestry]
   167 | D:1      | Reached XP level 2. HP: 8/22 MP: 2/2
   635 | D:1      | Found a faded altar of an unknown god.
  1134 | D:2      | Gained mutation: A weak demonic guardian rushes to your
                  | aid. [demonic ancestry]
  1134 | D:2      | Reached XP level 3. HP: 6/28 MP: 3/3
  1267 | D:2      | Noticed Terence
  1301 | D:2      | Killed Terence
  1302 | D:2      | Reached XP level 4. HP: 37/37 MP: 4/4
  2102 | D:3      | Identified a scroll of acquirement
  2102 | D:3      | Acquired a manual of Stealth
  2115 | D:3      | Reached skill level 1 in Ranged Weapons
  2206 | D:3      | Gained mutation: Your touch may inflict minor irresistible
                  | damage on your foes. [demonic ancestry]
  2206 | D:3      | Reached XP level 5. HP: 27/42 MP: 5/5
  2550 | D:3      | Gained mutation: You are clumsy. (Dex -2) [potion of
                  | mutation]
  2550 | D:3      | Gained mutation: You are resistant to electric shocks.
                  | (rElec) [potion of mutation]
  2550 | D:3      | Gained mutation: You have sharp toenails. [potion of
                  | mutation]
  2761 | D:3      | Found Leareal's Book Shoppe.
  2988 | D:4      | Noticed a sky beast
  2999 | D:4      | Killed a sky beast
  3000 | D:4      | Reached skill level 5 in Stealth
  3000 | D:4      | Reached XP level 6. HP: 30/48 MP: 6/6
  3173 | D:4      | Noticed Menkaure
  3184 | D:4      | Killed Menkaure
  4031 | D:4      | Gained mutation: You have a pair of horns on your head.
                  | [demonic ancestry]
  4031 | D:4      | Reached XP level 7. HP: 45/54 MP: 7/7
  4103 | D:4      | Found Corghe's Weapon Emporium.
  4207 | D:4      | Noticed Edmund
  4220 | D:4      | Killed Edmund
  4452 | D:4      | Reached skill level 5 in Short Blades
  4541 | D:4      | Reached XP level 8. HP: 11/60 MP: 8/8
  4789 | D:5      | Entered Level 5 of the Dungeon
  4907 | D:5      | HP: 2/60 [steam dragon] (2)]
  4907 | D:5      | Mangled by a steam dragon

Illustrated notes

Levels and vault maps discovered:
D:1:      dpeg_arrival_rooms_b, layout_loops_ring,
          shapermc_ecumenical_altar_venn, minivault_11, dk_noncrumbling_2
D:2:      layout_rooms, minivault_25, kennysheep_generic_room_11, uniq_terence
D:3:      layout_loops_ring, serial_shops, shop
D:4:      black_bear_nest_2, layout_cave_pools, serial_shops, shop_statue,
          grunt_tough_drop, uniq_edmund, uniq_menkaure
D:5:      layout_loops_cross

Skill      XL: |  1  2  3  4  5  6  7  8 |
---------------+-------------------------+-----
Stealth        | 1 2 5 6 |  6.0
Fighting       | 3 4 |  4.0
Ranged Weapons | 2 |  2.2
Short Blades   | 4 5 6 |  6.3
Dodging        | 3 4 |  4.0
Throwing       | |  1.7

Action                   |  1- 3 |  4- 6 |  7- 9 || total
-------------------------+-------+-------+-------++-------
Melee: Rapier            |    16 |    73 |       ||    89
       Punch             |     1 |     1 |     1 ||     3
       Headbutt          |       |    22 |     9 ||    31
       Touch             |       |    12 |     7 ||    19
       Kick              |       |    17 |    10 ||    27
       Dagger            |       |    33 |    38 ||    71
 Fire: Sling             |    97 |    73 |       ||   170
Throw: Throwing net      |     2 |     5 |     2 ||     9
Evoke: Wand              |       |       |     1 ||     1
  Use: Scroll            |     2 |     6 |       ||     8
       Potion            |     2 |     1 |       ||     3
 Stab: Distracted        |     1 |       |       ||     1
       Sleeping          |       |     1 |     4 ||     5
       Held in net/web   |       |     1 |       ||     1
       Invisible         |       |       |     1 ||     1
Armor: Leather armour    |    15 |    24 |     8 ||    47
       Skin              |    18 |       |       ||    18
Dodge: Dodged            |    34 |    84 |    16 ||   134

Table legend: (Time is in decaauts)
 A = Elapsed time spent in this place.
 B = Non-inter-level travel time spent in this place.
 C = Inter-level travel time spent in this place.
 D = Time resting spent in this place.
 E = Time spent auto-exploring this place.
 F = Levels seen in this place.
 G = Mean time per level.
                   A        B        C        D        E       F      G
               +--------+--------+--------+--------+--------+-----+--------+
         Total |   4958 |   4844 |    114 |   1608 |   2477 |   5 |  991.6 |
       Dungeon |   4958 |   4844 |    114 |   1608 |   2477 |   5 |  991.6 |
               +--------+--------+--------+--------+--------+-----+--------+

Top non-repeatable levels by time:
     D:4: 1790 daAuts
     D:2: 1357 daAuts
     D:3: 905 daAuts
     D:1: 791 daAuts
     D:5: 114 daAuts
